 Dungeon Crawl Stone Soup version 0.29-a0-275-g389c0b56f3 (webtiles) character file.

Game seed: 15115032298937939880

54 jmlagarto the Skirmisher (level 3, -1/34 HPs)
             Began as a Hill Orc Abyssal Knight on Mar 11, 2022.
             Was a Believer of Lugonu.
             Slain by a worm (5 damage)
             ... on level 1 of the Dungeon.
             The game lasted 00:02:57 (1047 turns).

jmlagarto the Skirmisher (Hill Orc Abyssal Knight)  Turns: 1047, Time: 00:02:57

Health: -1/34      AC:  7    Str: 17    XL:     3   Next: 91%
Magic:  5/5        EV: 11    Int: 10    God:    Lugonu [**....]
Gold:   77         SH:  0    Dex: 11    Spells: 2/2 levels left

rFire   . . .      SeeInvis .   a - +1 hand axe
rCold   . . .      Faith    .   (no shield)
rNeg    . . .      Spirit   .   b - +0 leather armour
rPois   .          Reflect  .   c - +0 helmet
rElec   .          Harm     .   (no cloak)
rCorr   .          Rampage  .   (no gloves)
Will    .....                   e - +2 pair of boots
Stlth   +.........              (no amulet)
HPRegen 0.11/turn               (no ring)
MPRegen 0.09/turn               (no ring)

@: no status effects
A: no striking features
a: Renounce Religion, Depart the Abyss, Bend Space


You were on level 1 of the Dungeon.
You worshipped Lugonu.
Lugonu was pleased with you.
You visited 1 branch of the dungeon, and saw 2 of its levels.
You visited the Abyss 1 time.

You collected 77 gold pieces.

Inventory:

Hand Weapons
 a - a +1 hand axe (weapon)
Armour
 b - a +0 leather armour (worn)
 c - a +0 helmet (worn)
 e - a +2 pair of boots (worn)
Scrolls
 d - a scroll of vulnerability {unknown}
 g - a scroll of teleportation {unknown}
 i - a scroll of identify {unknown}
 k - a scroll of fog {unknown}
Potions
 h - a potion of experience {unknown}
 j - a potion of cancellation {unknown}


   Skills:
 + Level 4.7 Fighting
 + Level 3.5 Axes
 + Level 2.5 Armour
 + Level 1.1 Dodging
 + Level 2.7 Invocations


You had 2 spell levels left.
You didn't know any spells.
Your spell library was empty.

Dungeon Overview and Level Annotations

Branches:
Dungeon (2/15)

Altars:


Message History

You kill the endoplasm!
Lugonu accepts your kill.
You hit the worm. The adder closely misses you.
The adder bites you but does no damage. The worm barely misses you.
You hit the adder.
The adder is heavily wounded.
You hit the worm. You hit the frilled lizard.
You kill the frilled lizard!
Lugonu accepts your kill. The adder closely misses you.
You hit the adder.
The adder is almost dead.
You barely miss the worm. The adder barely misses you. The worm bites you!
* * * LOW HITPOINT WARNING * * *
The adder bites you.
* * * LOW HITPOINT WARNING * * *
You are lethally poisoned!
The adder poisons you!
Okay, then.
Okay, then.
It was a potion of curing.
You feel better. The adder barely misses you.
You miss the adder.
The adder is almost dead.
You hit the worm but do no damage. The adder bites you but does no damage.
The worm bites you but does no damage. The adder bites you but does no damage.
You closely miss the adder.
The adder is almost dead.
You hit the worm. The adder bites you but does no damage. The worm misses you.
You hit the adder.
The adder is almost dead.
You barely miss the worm. The adder barely misses you. The worm bites you!
* * * LOW HITPOINT WARNING * * *
You closely miss the adder.
The adder is almost dead.
You hit the worm but do no damage.
The adder bites you but does no damage. x2
You hit the adder.
You kill the adder!
Lugonu accepts your kill.
You hit the worm. The worm bites you.
You die...

#.#.#.#.#.#.#)#.##
#...........#.###
##.##########.###
.#..............#
....#####....##.#
....# ##......#.#
....###.......#.#
..#.##...#...##w##
.####...##......@#
.......###.#####†#
....._⌠# #...#...#
..)....#####.#.###
.####...##..(..#
....##...#.#####
....###....# #####
##...# # ##..#


You could see a worm.

Vanquished Creatures
  An adder (D:1)
  A gnoll (D:1)
  5 endoplasms (D:1)
  A giant cockroach (D:1)
  5 goblins (D:1)
  6 hobgoblins (D:1)
  2 jackals (D:1)
  8 kobolds (D:1)
  A quokka (D:1)
  3 bats (D:1)
  2 frilled lizards (D:1)
  3 rats (D:1)
38 creatures vanquished.

Notes
Turn   | Place    | Note
-------+----------+-------------------------------------------
     0 | Abyss:1  | jmlagarto the Hill Orc Abyssal Knight began the quest for
                  | the Orb.
     0 | Abyss:1  | Reached XP level 1. HP: 19/19 MP: 2/2
     3 | Abyss:1  | Found a corrupted altar of Lugonu.
     4 | D:1      | Escaped the Abyss
    45 | D:1      | Reached skill level 4 in Fighting
    45 | D:1      | Reached XP level 2. HP: 27/27 MP: 3/3
    48 | D:1      | Reached ** piety under Lugonu
   119 | D:1      | Found a faded altar of an unknown god.
   512 | D:1      | Reached XP level 3. HP: 24/34 MP: 4/4
   777 | D:1      | Reached skill level 1 in Dodging
  1047 | D:1      | Slain by a worm

Illustrated notes

Levels and vault maps discovered:
D:1:      dpeg_arrival_short_road, layout_basic,
          hellmonk_ecumenical_altar_crossroads, st_stairs_13,
          minmay_close_crescents
D:2:      layout_rooms, grunt_ministairs_3, serial_bayou_pond_d,
          cheibrodos_gnoll_hut

Skill      XL: |  1  2  3 |
---------------+----------+-----
Fighting       | 4 |  4.7
Axes           | 3 |  3.5
Dodging        | 1 |  1.1
Armour         | |  2.5
Invocations    | |  2.7

Action                   || total
-------------------------++-------
Melee: Hand axe          ||   114
Invok: Depart the Abyss  ||     1
  Use: Potion            ||     1
Armor: Leather armour    ||    60
Dodge: Dodged            ||    97

Table legend: (Time is in decaauts)
 A = Elapsed time spent in this place.
 B = Non-inter-level travel time spent in this place.
 C = Inter-level travel time spent in this place.
 D = Time resting spent in this place.
 E = Time spent auto-exploring this place.
 F = Levels seen in this place.
 G = Mean time per level.
                   A        B        C        D        E       F      G
               +--------+--------+--------+--------+--------+-----+--------+
         Total |   1064 |   1053 |     11 |      0 |    778 |   3 |  354.7 |
       Dungeon |   1060 |   1049 |     11 |      0 |    775 |   2 |  530.0 |
         Abyss |      4 |      4 |      0 |      0 |      3 |   1 |    4.0 |
               +--------+--------+--------+--------+--------+-----+--------+

Top non-repeatable levels by time:
     D:1: 1052 daAuts
     D:2: 8 daAuts
 Abyss:1: 4 daAuts
